MID
DAYTON DRAGONS @ BURLINGTON BEES
05/09/2099
 
TOP OF THE 1ST
Dayton Dragons batting - Pitching for Burlington Bees : LHP Eduardo Duarte
Pitching: LHP Eduardo Duarte
Batting: RHB Steven Oney 0-0: Ball
1-0: Ball
2-0: Foul Ball, location: 9LSF
2-1: SINGLE (Groundball, 25, EV 65.6 MPH) (infield hit)
Batting: LHB Troy Gallagher 0-0: Ball
1-0: Ball
2-0: DOUBLE (Line Drive, 5D, EV 98.8 MPH)
Steven Oney to third
Runner from 3rd tries for Home, SAFE, throw by LF to trailing runner, SAFE at third!
Batting: RHB Jeff Horn 0-0: Called Strike
0-1: Swinging Strike
0-2: Ball
1-2: Foul Ball, location: 5FF
1-2: Fly out, F9 (Flyball, 9D, EV 78.8 MPH)
Runner from 3rd tags up, SCORES, no throw by RF
Batting: LHB Enrique Oropeza 0-0: Fly out, F8 (Flyball, 89M, EV 88.8 MPH)
Batting: RHB Jacob Morrow 0-0: Called Strike
0-1: Fly out, F7 (Flyball, 7LM, EV 93.8 MPH)
Top of the 1st over - 2 runs, 2 hits, 0 errors, 0 left on base; Dayton 2 - Burlington 0
BOTTOM OF THE 1ST
Burlington Bees batting - Pitching for Dayton Dragons : LHP David Jolly
Pitching: LHP David Jolly
Batting: RHB Ken Bahr 0-0: Called Strike
0-1: Foul Ball, location: 25F
0-2: Ball
1-2: Foul Ball, location: 5F
1-2: Fly out, F6 (Popup, 6M, EV 70.6 MPH)
Batting: RHB Chris Kuhn 0-0: Ball
1-0: Foul Ball, location: 5FF
1-1: SINGLE (Groundball, 15S, EV 68.1 MPH) (infield hit)
Batting: LHB Matt Cohen 0-0: Swinging Strike
0-1: Ball
1-1: Ball
2-1: Fielders Choice at 2nd, 5-4 (Groundball, 5L, EV 83.8 MPH)
Batting: RHB Cody Fulton 0-0: Called Strike
0-1: Ball
1-1: Swinging Strike
1-2: Strikes out swinging
Bottom of the 1st over - 0 runs, 1 hit, 0 errors, 1 left on base; Dayton 2 - Burlington 0
TOP OF THE 2ND
Dayton Dragons batting - Pitching for Burlington Bees : LHP Eduardo Duarte
Batting: RHB Daniel Salinas 0-0: Called Strike
0-1: Ball
1-1: Called Strike
1-2: Foul Ball, location: 5FF
1-2: TRIPLE (Flyball, 9D, EV 106.3 MPH)
Batting: RHB Jay Charlton 0-0: Ground out 6-3 (Groundball, 6, EV 84.4 MPH)
Batting: LHB Kevin Martin 0-0: Ball
1-0: Foul Ball, location: 2F
1-1: Foul Ball, location: 5FF
1-2: Ball
2-2: Hit by Pitch
Batting: RHB Leo Lozoya 0-0: Called Strike
0-1: Ball
1-1: Ground out 5-3 (Groundball, 56S, EV 64.4 MPH)
Daniel Salinas scores
Kevin Martin to second
Batting: RHB Steven Oney 0-0: Ball
1-0: Swinging Strike
1-1: Foul Ball, location: 2F
1-2: Foul Ball, location: 7LMF
1-2: Strikes out swinging
Top of the 2nd over - 1 run, 1 hit, 0 errors, 1 left on base; Dayton 3 - Burlington 0
BOTTOM OF THE 2ND
Burlington Bees batting - Pitching for Dayton Dragons : LHP David Jolly
Batting: RHB Scott Havens 0-0: Called Strike
0-1: Foul Ball, location: 23F
0-2: Fly out, F8 (Flyball, 8RXD, EV 103.8 MPH)
Batting: RHB Greg Buchholtz 0-0: Ball
1-0: Ball
2-0: SINGLE (Groundball, 6MD, EV 101.9 MPH)
Batting: RHB Valentim Morato 0-0: Ball
1-0: Fielders Choice at 2nd, 6-4 (Groundball, 6, EV 80.0 MPH)
Batting: RHB Alex Castaneda 0-0: Ball
Wild Pitch!
Valentim Morato to second
1-0: Ball
2-0: Foul Ball, location: 9LMF
2-1: Ball
3-1: Foul Ball, location: 2F
3-2: Foul Ball, location: 2F
3-2: Base on Balls
Batting: RHB Raul Miro 0-0: Ball
Wild Pitch!
Valentim Morato to third
Alex Castaneda to second
1-0: Ground out 5-3 (Groundball, 5L, EV 98.8 MPH)
Bottom of the 2nd over - 0 runs, 1 hit, 0 errors, 2 left on base; Dayton 3 - Burlington 0
TOP OF THE 3RD
Dayton Dragons batting - Pitching for Burlington Bees : LHP Eduardo Duarte
Batting: LHB Troy Gallagher 0-0: Ball
1-0: Ball
2-0: Ball
3-0: Called Strike
3-1: Foul Ball, location: 25FF
3-2: Fly out, F3 (Line Drive, 34, EV 63.1 MPH)
Batting: RHB Jeff Horn 0-0: Ball
1-0: Foul Ball, location: 7LMFF
1-1: Foul Ball, location: 2F
1-2: Fly out, F9 (Flyball, 89S, EV 93.8 MPH)
Batting: LHB Enrique Oropeza 0-0: Swinging Strike
0-1: Fly out, F8 (Flyball, 8RD, EV 84.4 MPH)
Top of the 3rd over - 0 runs, 0 hits, 0 errors, 0 left on base; Dayton 3 - Burlington 0
BOTTOM OF THE 3RD
Burlington Bees batting - Pitching for Dayton Dragons : LHP David Jolly
Batting: RHB Ken Bahr 0-0: Called Strike
0-1: Called Strike
0-2: Fly out, F8 (Flyball, 8RD, EV 91.3 MPH)
Batting: RHB Chris Kuhn 0-0: Ball
1-0: Called Strike
1-1: Fly out, F8 (Flyball, 8LXD, EV 110.6 MPH)
Batting: LHB Matt Cohen 0-0: Fly out, F9 (Line Drive, 9, EV 99.4 MPH)
Bottom of the 3rd over - 0 runs, 0 hits, 0 errors, 0 left on base; Dayton 3 - Burlington 0
TOP OF THE 4TH
Dayton Dragons batting - Pitching for Burlington Bees : LHP Eduardo Duarte
Batting: RHB Jacob Morrow 0-0: Ball
1-0: SOLO HOME RUN (Flyball, 89XD, EV 106.9 MPH), Distance : 401 ft
Batting: RHB Daniel Salinas 0-0: Swinging Strike
0-1: Ball
1-1: Foul Ball, location: 9LDF
1-2: Ball
2-2: Foul Ball, location: 5DF
2-2: Strikes out swinging
Batting: RHB Jay Charlton 0-0: Called Strike
0-1: Ball
1-1: Ball
2-1: Ball
3-1: Called Strike
3-2: Strikes out swinging
Batting: LHB Kevin Martin 0-0: Called Strike
0-1: DOUBLE (Line Drive, 78XD, EV 103.8 MPH)
Batting: RHB Leo Lozoya 0-0: Ball
1-0: Ball
2-0: Ball
3-0: Base on Balls
Batting: RHB Steven Oney 0-0: Foul Ball, location: 25F
0-1: Ball
1-1: Swinging Strike
1-2: Strikes out swinging
Top of the 4th over - 1 run, 2 hits, 0 errors, 2 left on base; Dayton 4 - Burlington 0
BOTTOM OF THE 4TH
Burlington Bees batting - Pitching for Dayton Dragons : LHP David Jolly
Batting: RHB Cody Fulton 0-0: Ball
1-0: Ball
2-0: Swinging Strike
2-1: Fly out, F9 (Flyball, 9LM, EV 96.3 MPH)
Batting: RHB Scott Havens 0-0: Ball
1-0: Called Strike
1-1: Foul Ball, location: 7LDF
1-2: Ground out 4-3 (Groundball, 4MD, EV 95.6 MPH)
Batting: RHB Greg Buchholtz 0-0: Foul Ball, location: 9LMF
0-1: Ball
1-1: Foul Ball, location: 2F
1-2: Ball
2-2: Ground out 6-3 (Groundball, 6S, EV 83.8 MPH)
Bottom of the 4th over - 0 runs, 0 hits, 0 errors, 0 left on base; Dayton 4 - Burlington 0
TOP OF THE 5TH
Dayton Dragons batting - Pitching for Burlington Bees : LHP Eduardo Duarte
Batting: LHB Troy Gallagher 0-0: Ball
1-0: Called Strike
1-1: SINGLE (Line Drive, 89M, EV 104.4 MPH)
Batting: RHB Jeff Horn 0-0: Called Strike
0-1: Ball
1-1: Grounds into double play, 6-4-3 (Groundball, 6, EV 85.0 MPH)
Batting: LHB Enrique Oropeza 0-0: Ball
1-0: Foul Ball, location: 7LSF
1-1: Ball
2-1: Swinging Strike
2-2: Ground out 4-3 (Groundball, 4M, EV 93.8 MPH)
Top of the 5th over - 0 runs, 1 hit, 0 errors, 0 left on base; Dayton 4 - Burlington 0
BOTTOM OF THE 5TH
Burlington Bees batting - Pitching for Dayton Dragons : LHP David Jolly
Batting: RHB Valentim Morato 0-0: Ball
1-0: Swinging Strike
1-1: Fly out, F6 (Popup, 4S, EV 86.9 MPH)
Batting: RHB Alex Castaneda 0-0: Called Strike
0-1: Ball
1-1: DOUBLE (Line Drive, 89M, EV 93.8 MPH)
Batting: RHB Raul Miro 0-0: Ground out 5-3 (Groundball, 56S, EV 86.3 MPH)
Batting: RHB Ken Bahr 0-0: Fly out, F9 (Flyball, 9, EV 91.9 MPH)
Bottom of the 5th over - 0 runs, 1 hit, 0 errors, 1 left on base; Dayton 4 - Burlington 0
TOP OF THE 6TH
Dayton Dragons batting - Pitching for Burlington Bees : LHP Eduardo Duarte
Batting: RHB Jacob Morrow 0-0: Foul Ball, location: 2F
0-1: Ball
1-1: Ball
2-1: Fly out, F7 (Flyball, 7LD, EV 94.4 MPH)
Batting: RHB Daniel Salinas 0-0: Called Strike
0-1: Swinging Strike
0-2: Ball
1-2: Fly out, F5 (Line Drive, 56, EV 66.9 MPH)
Batting: RHB Jay Charlton 0-0: Called Strike
0-1: Ball
1-1: Fly out, F7 (Line Drive, 7, EV 95.0 MPH)
Top of the 6th over - 0 runs, 0 hits, 0 errors, 0 left on base; Dayton 4 - Burlington 0
BOTTOM OF THE 6TH
Burlington Bees batting - Pitching for Dayton Dragons : LHP David Jolly
Batting: RHB Chris Kuhn 0-0: Ball
1-0: Called Strike
1-1: Ball
2-1: DOUBLE (Line Drive, 78D, EV 100.6 MPH)
Batting: LHB Matt Cohen 0-0: Called Strike
Chris Kuhn steals 3rd base
0-1: Ball
1-1: Ball
2-1: Ball
3-1: Base on Balls
Batting: RHB Cody Fulton 0-0: Ball
1-0: Swinging Strike
1-1: Ball
2-1: Ball
3-1: Fly out, F7 (Flyball, 7S, EV 93.8 MPH)
Batting: RHB Scott Havens 0-0: Ball
1-0: Ball
2-0: Ball
3-0: Foul Ball, location: 2F
3-1: SINGLE (Line Drive, 78S, EV 88.8 MPH)
Chris Kuhn scores
Matt Cohen to second
Batting: RHB Greg Buchholtz 0-0: Ball
1-0: Ball
2-0: Ball
3-0: Called Strike
3-1: Base on Balls
Matt Cohen to third
Scott Havens to second
Batting: RHB Valentim Morato 0-0: Ball
1-0: Called Strike
1-1: Foul Ball, location: 2F
1-2: Foul Ball, location: 2F
1-2: Grounds into fielders choice 3-2 (Groundball, 34S, EV 89.4 MPH)
Scott Havens to third
Greg Buchholtz to second
Pitching: RHP Rich Chene
Pinch Hitting: RHB Jon Kren 0-0: Called Strike
0-1: Ball
1-1: Foul Ball, location: 3DF
1-2: Strikes out swinging
Bottom of the 6th over - 1 run, 2 hits, 0 errors, 3 left on base; Dayton 4 - Burlington 1
TOP OF THE 7TH
Dayton Dragons batting - Pitching for Burlington Bees : LHP Eduardo Duarte
Pitching: LHP Tyler Ellis
Now at 2B: Dustin Flowers
Pinch Hitting: RHB Justin Allan 0-0: Ball
1-0: Ball
2-0: Foul Ball, location: 23F
2-1: Fly out, F9 (Line Drive, 89S, EV 88.1 MPH)
Batting: RHB Leo Lozoya 0-0: Called Strike
0-1: Ball
1-1: Ball
2-1: Ground out 4-3 (Groundball, 4, EV 85.0 MPH)
Batting: RHB Steven Oney 0-0: Ball
1-0: Ball
2-0: Ball
3-0: Called Strike
3-1: DOUBLE (Flyball, 8RXD, EV 95.6 MPH)
Batting: LHB Troy Gallagher 0-0: Ball
1-0: Ball
2-0: Called Strike
2-1: Ball
3-1: Foul Ball, location: 2F
3-2: SINGLE (Groundball, 34, EV 83.1 MPH)
Steven Oney to third
Runner from 3rd tries for Home, SAFE, throw by RF to home
Troy Gallagher to second
Batting: RHB Jeff Horn 0-0: Intentional Walk
Batting: LHB Enrique Oropeza 0-0: Called Strike
0-1: Foul Ball, location: 3FF
0-2: Ball
1-2: Fielders Choice at 2nd, U6 (Groundball, 6M, EV 88.1 MPH)
Top of the 7th over - 1 run, 2 hits, 0 errors, 2 left on base; Dayton 5 - Burlington 1
BOTTOM OF THE 7TH
Burlington Bees batting - Pitching for Dayton Dragons : RHP Rich Chene
Now in CF: Liosvany Koehler
Now in RF: Troy Gallagher
Batting: RHB Raul Miro 0-0: Ball
1-0: Ball
2-0: Ball
3-0: Called Strike
3-1: Called Strike
3-2: Foul Ball, location: 3DF
3-2: Strikes out swinging
Batting: RHB Ken Bahr 0-0: Ball
1-0: Foul Ball, location: 23F
1-1: SINGLE (Groundball, 4MD, EV 110.0 MPH)
Batting: RHB Chris Kuhn 0-0: Foul Ball, location: 9LMF
0-1: Foul Ball, location: 9LDF
0-2: Strikes out looking
Batting: LHB Matt Cohen 0-0: Called Strike
0-1: Ball
1-1: Foul Ball, location: 23FF
1-2: SINGLE (Groundball, 5D, EV 106.3 MPH)
Ken Bahr to second
Runner from 2nd tries for 3rd, SAFE, no throw by LF
Batting: RHB Cody Fulton 0-0: Called Strike
0-1: Ball
1-1: Ball
2-1: Foul Ball, location: 9LDF
2-2: Foul Ball, location: 5FF
2-2: Foul Ball, location: 2F
2-2: Ball
3-2: Base on Balls
Matt Cohen to second
Batting: RHB Scott Havens 0-0: Ball
Wild Pitch!
Ken Bahr scores
Matt Cohen to third
Cody Fulton to second
1-0: Foul Ball, location: 3F
1-1: Swinging Strike
1-2: Ball
2-2: Ball
3-2: Ground out 6-3 (Groundball, 6, EV 92.5 MPH)
Bottom of the 7th over - 1 run, 2 hits, 0 errors, 2 left on base; Dayton 5 - Burlington 2
TOP OF THE 8TH
Dayton Dragons batting - Pitching for Burlington Bees : LHP Tyler Ellis
Batting: RHB Jacob Morrow 0-0: Ball
1-0: Ground out 4-3 (Groundball, 4, EV 101.3 MPH)
Batting: RHB Daniel Salinas 0-0: Fly out, F9 (Flyball, 9S, EV 83.8 MPH)
Batting: RHB Jay Charlton 0-0: Foul Ball, location: 5DF
0-1: Ball
1-1: Swinging Strike
1-2: Strikes out swinging
Top of the 8th over - 0 runs, 0 hits, 0 errors, 0 left on base; Dayton 5 - Burlington 2
BOTTOM OF THE 8TH
Burlington Bees batting - Pitching for Dayton Dragons : RHP Rich Chene
Batting: RHB Greg Buchholtz 0-0: Called Strike
0-1: Ball
1-1: Swinging Strike
1-2: Strikes out swinging
Batting: RHB Valentim Morato 0-0: Ball
1-0: Ground out U3 (Groundball, 3, EV 105.6 MPH)
Batting: RHB Dustin Flowers 0-0: Called Strike
0-1: Foul Ball, location: 2F
0-2: Ball
1-2: Ball
2-2: Ground out 6-3 (Groundball, 6M, EV 103.1 MPH)
Bottom of the 8th over - 0 runs, 0 hits, 0 errors, 0 left on base; Dayton 5 - Burlington 2
TOP OF THE 9TH
Dayton Dragons batting - Pitching for Burlington Bees : LHP Tyler Ellis
Batting: LHB Liosvany Koehler 0-0: Ball
1-0: Foul Ball, location: 7LMF
1-1: Ground out U3 (Groundball, 3, EV 94.4 MPH)
Batting: RHB Leo Lozoya 0-0: Ball
1-0: Ball
2-0: Swinging Strike
2-1: Called Strike
2-2: Foul Ball, location: 25FF
2-2: Ball
3-2: Base on Balls
Pitching: RHP Josh Clarkson
Batting: RHB Steven Oney 0-0: Called Strike
0-1: Ball
1-1: Called Strike
1-2: Fly out, F8 (Flyball, 8LM, EV 87.5 MPH)
Batting: LHB Troy Gallagher 0-0: SINGLE (Line Drive, 9S, EV 103.8 MPH)
Leo Lozoya to second
Batting: RHB Jeff Horn 0-0: Fly out, F9 (Flyball, 9LM, EV 91.3 MPH)
Top of the 9th over - 0 runs, 1 hit, 0 errors, 2 left on base; Dayton 5 - Burlington 2
BOTTOM OF THE 9TH
Burlington Bees batting - Pitching for Dayton Dragons : RHP Rich Chene
Pitching: RHP Leo Orozco
Pinch Hitting: LHB Russ Trahan 0-0: Called Strike
0-1: Ball
1-1: Ground out 6-3 (Groundball, 6, EV 101.9 MPH)
Batting: RHB Ken Bahr 0-0: Ball
1-0: Called Strike
1-1: Foul Ball, location: 2F
1-2: Ball
2-2: Ball
3-2: Foul Ball, location: 23F
3-2: Foul Ball, location: 23FF
3-2: SINGLE (Groundball, 4MD, EV 100.0 MPH)
Batting: RHB Chris Kuhn 0-0: Ball
1-0: Ball
2-0: Ball
3-0: Called Strike
3-1: Swinging Strike
3-2: Foul Ball, location: 3FF
3-2: Ground out 4-3 (Groundball, 4, EV 100.0 MPH)
Ken Bahr to second
Batting: LHB Matt Cohen 0-0: Ball
1-0: Called Strike
1-1: Foul Ball, location: 9LSF
1-2: Fly out, F7 (Flyball, 7, EV 86.9 MPH)
Bottom of the 9th over - 0 runs, 1 hit, 0 errors, 1 left on base; Dayton 5 - Burlington 2
Thursday, May 2nd , 2024 - OOTP Baseball 24.11 Build 85